[Event "Thursday Night Engine Tour 9 Rd Swiss 5m+1s Starts at 2200hrs ST"]
[Site "Infinity Chess"]
[Date "2018.4.12"]
[Round "2"]
[White "star99"]
[Black "localhero"]
[Result "1/2-1/2"]
[ECO "D05"]
[WhiteElo "2492"]
[BlackElo "2496"]
[WhiteEngine "Cryptic Heroes 9.4B"]
[BlackEngine "asmFishW_2017-10-04_popcnt"]
[EventType "Swiss"]
[WhiteTeam ""]
[BlackTeam ""]
[PlyCount "130"]
[TimeControl "300+1"]

1. d4 d5 2. Nf3 Nf6 3. e3 e6 4. Nbd2 c5 5. b3 Nc6 6. Bb2 cxd4 7. exd4 Bd6 
8. Bb5 O-O 9. O-O Ne4 10. Nxe4 dxe4 11. Nd2 f5 12. Nc4 Bc7 13. Bxc6 bxc6 
14. Ba3 Rf6 15. Re1 Ba6 16. Ne5 c5 17. Bxc5 Bb7 18. Qe2 Bxe5 19. dxe5 Rf7 
20. Rad1 Qg5 21. Rd4 f4 22. Qd2 h5 23. Bd6 Qf5 24. c4 f3 25. h3 h4 26. Kh2 fxg2 
27. Rg1 Qxf2 28. Qxf2 Rxf2 29. Rxg2 Rf1 30. Rg1 Rf2+ 31. Rg2 Rf1 32. Rg1 Rf7 
33. Rdd1 e3 34. Rdf1 Bf3 35. Be7 e2 36. Rf2 Rf5 37. Bxh4 Raf8 38. Be7 R8f7 
39. Bd6 g5 40. Re1 g4 41. hxg4 Rg5 42. Rxf3 Rxf3 43. Kg2 Rc3 44. Rxe2 Rxg4+ 
45. Kf2 a5 46. Re3 Rf4+ 47. Ke2 Rc2+ 48. Kd3 Rxa2 49. Kc3 Rg2 50. b4 a4 
51. b5 Rgg4 52. Kb4 Rxc4+ 53. Ka5 Rg2 54. Ra3 Rb2 55. b6 Kh7 56. Ka6 Rc6 
57. Bc7 Kg6 58. Rxa4 Kf5 59. Rh4 Rc1 60. Rh6 Rc6 61. Kb7 Rxc7+ 62. Kxc7 Kxe5 
63. b7 Kd5 64. b8=Q Rxb8 65. Kxb8 e5 1/2-1/2

[Event "Thursday Night Engine Tour 9 Rd Swiss 5m+1s Starts at 2200hrs ST"]
[Site "Infinity Chess"]
[Date "2018.4.12"]
[Round "2"]
[White "MGR"]
[Black "ocirema"]
[Result "1/2-1/2"]
[ECO "C55"]
[WhiteElo "2500"]
[BlackElo "2501"]
[WhiteEngine "asmFishW_2018-04-08_bmi2_CTG"]
[BlackEngine "asmFishW_2018-04-11_popcnt"]
[EventType "Swiss"]
[WhiteTeam ""]
[BlackTeam ""]
[PlyCount "76"]
[TimeControl "300+1"]

1. e4 e5 2. Nf3 Nc6 3. Bc4 Nf6 4. d3 Bc5 5. O-O d6 6. c3 O-O 7. h3 a5 
8. Nbd2 Be6 9. b3 d5 10. exd5 Bxd5 11. Qc2 Bxc4 12. Nxc4 Qd5 13. Re1 a4 
14. Ne3 axb3 15. axb3 Bxe3 16. Bxe3 Rxa1 17. Rxa1 Rd8 18. d4 exd4 19. Nxd4 Nxd4 
20. Bxd4 Ne4 21. b4 h6 22. Re1 Ng5 23. f4 Ne6 24. Be5 Qc6 25. Qe2 Re8 
26. Qg4 Kf8 27. f5 Ng5 28. h4 f6 29. hxg5 Rxe5 30. Rxe5 fxe5 31. f6 Qxc3 
32. Qc8+ Kf7 33. Qd7+ Kg6 34. fxg7 Qe1+ 35. Kh2 Qh4+ 36. Kg1 Qe1+ 37. Kh2 Qh4+ 
38. Kg1 Qe1+ 1/2-1/2

[Event "Thursday Night Engine Tour 9 Rd Swiss 5m+1s Starts at 2200hrs ST"]
[Site "Infinity Chess"]
[Date "2018.4.12"]
[Round "2"]
[White "BlitzMaster"]
[Black "RonWeasley"]
[Result "1/2-1/2 "]
[ECO "C11"]
[WhiteElo "2540"]
[BlackElo "2517"]
[WhiteEngine "asmFishW_2018-04-11_popcnt"]
[BlackEngine "BrainFish 090218_CTG"]
[EventType "Swiss"]
[WhiteTeam ""]
[BlackTeam ""]
[PlyCount "174"]
[TimeControl "300+1"]

1. e4 e6 2. d4 d5 3. Nc3 Nf6 4. e5 Nfd7 5. f4 c5 6. Nf3 Nc6 7. Be3 cxd4 
8. Nxd4 Qb6 9. Na4 Qa5+ 10. Nc3 Qb6 11. Qd2 Qxb2 12. Rb1 Qa3 13. Bb5 Nxd4 
14. Bxd4 a6 15. Bxd7+ Bxd7 16. Rb3 Qe7 17. Rxb7 Rc8 18. O-O Qd8 19. Qe3 Rc4 
20. Rfb1 Be7 21. f5 Bg5 22. Qd3 O-O 23. Ne4 Bc8 24. Bb6 Be3+ 25. Qxe3 Qh4 
26. Nf6+ gxf6 27. Rc7 exf5 28. Rxc4 dxc4 29. exf6 Kh8 30. Bc7 Rg8 31. Bg3 Qg4 
32. Qf4 c3 33. a3 Bd7 34. Qxg4 fxg4 35. Rb7 Be6 36. Ra7 Rd8 37. Bf4 Rd1+ 
38. Kf2 h5 39. Rxa6 Kh7 40. Rc6 Kg6 41. Rxc3 Bf5 42. Ke2 Rg1 43. Kf2 Rd1 
44. Kg3 Rg1 45. Rc4 Ra1 46. Bd6 Ra2 47. h4 gxh3 48. gxh3 Rxc2 49. Rxc2 Bxc2 
50. Be7 Kf5 51. h4 Bb3 52. Bb4 Bc2 53. Bc3 Bd1 54. Ba5 Bc2 55. Bd8 Ba4 
56. Ba5 Kxf6 57. Be1 Kf5 58. Bd2 Bc2 59. Bg5 f6 60. Bf4 Ba4 61. Kf3 Bc6+ 
62. Kg3 Ke4 63. Bd2 f5 64. Bg5 Bb7 65. a4 Bc6 66. a5 Bb7 67. Bd2 Bc8 68. Bg5 Bb7 
69. Bd2 Ba6 70. Bc1 Bb5 71. Bd2 Bc4 72. Bg5 Ba6 73. Be7 f4+ 74. Kf2 Bd3 
75. Bc5 f3 76. Bb4 Be2 77. Be1 Bd3 78. Bd2 Bc4 79. Bb4 Bb5 80. Be7 Ba6 
81. Ba3 Be2 82. Be7 Kf4 83. Bg5+ Ke4 84. Bd2 Bb5 85. Bg5 Ba6 86. Bc1 Bc8 
87. Be3 Ba6 1/2-1/2

[Event "Thursday Night Engine Tour 9 Rd Swiss 5m+1s Starts at 2200hrs ST"]
[Site "Infinity Chess"]
[Date "2018.4.12"]
[Round "2"]
[White "MCDermont"]
[Black "Victorious"]
[Result "1/2-1/2"]
[ECO "C50"]
[WhiteElo "2581"]
[BlackElo "2577"]
[WhiteEngine "BrainFish 090218"]
[BlackEngine "Cfish_x64_060418_LTO_popcnt"]
[EventType "Swiss"]
[WhiteTeam ""]
[BlackTeam ""]
[PlyCount "144"]
[TimeControl "300+1"]

1. e4 e5 2. Nf3 Nc6 3. Bc4 Bc5 4. O-O Nf6 5. d3 d6 6. c3 a5 7. Nbd2 O-O 
8. Re1 h6 9. Nf1 Be6 10. Bb5 Ne7 11. h3 Ba7 12. Ng3 c6 13. Ba4 b5 14. Bc2 a4 
15. d4 Ng6 16. Bd2 Bb6 17. Be3 Bc7 18. Qd2 Re8 19. b3 Qd7 20. bxa4 bxa4 
21. Red1 Qe7 22. c4 d5 23. exd5 cxd5 24. Bxg6 exd4 25. Nxd4 fxg6 26. Nxe6 Qxe6 
27. cxd5 Nxd5 28. Qxd5 Qxd5 29. Rxd5 Bxg3 30. Rb1 Bh4 31. Kf1 Bf6 32. Rb4 Reb8 
33. Rdb5 Rc8 34. Rc5 Rxc5 35. Bxc5 Rc8 36. Rb5 Rc7 37. a3 Kf7 38. Ke2 g5 
39. Kd3 Rd7+ 40. Ke3 Be7 41. Bb4 Ra7 42. f3 Kg6 43. Bxe7 Rxe7+ 44. Kf2 Rc7 
45. Rb4 Ra7 46. Ke2 Kf6 47. Kf2 h5 48. Rb5 Rc7 49. Rb6+ Ke5 50. Rb4 Ra7 
51. Re4+ Kf6 52. Rc4 g6 53. Kg3 Kg7 54. Kf2 Kf6 55. Re4 Kf5 56. Kg3 Ra6 
57. Kh2 Kf6 58. Rc4 Kf5 59. Kg3 Kf6 60. f4 Ra5 61. fxg5+ Rxg5+ 62. Kh2 Ra5 
63. h4 g5 64. hxg5+ Kxg5 65. Rb4 Re5 66. Rxa4 Re3 67. g3 Re2+ 68. Kg1 Kf6 
69. Rh4 Ra2 70. Rxh5 Rxa3 71. Kg2 Ra1 72. Rb5 Ra4 1/2-1/2

[Event "Thursday Night Engine Tour 9 Rd Swiss 5m+1s Starts at 2200hrs ST"]
[Site "Infinity Chess"]
[Date "2018.4.12"]
[Round "2"]
[White "Vimtiroba"]
[Black "xeonrocks"]
[Result "1/2-1/2"]
[ECO "C50"]
[WhiteElo "2524"]
[BlackElo "2613"]
[WhiteEngine "SF9 ''A5''_CTG"]
[BlackEngine "Stockfish_20180407_x64_bmi2_CTG"]
[EventType "Swiss"]
[WhiteTeam ""]
[BlackTeam ""]
[PlyCount "186"]
[TimeControl "300+1"]

1. e4 e5 2. Nf3 Nc6 3. Bc4 Bc5 4. O-O Nf6 5. d3 d6 6. c3 a5 7. Re1 Ba7 
8. Nbd2 O-O 9. h3 Be6 10. Bb5 Ne7 11. d4 Ng6 12. Ba4 Nh5 13. Nf1 Nhf4 
14. Ng3 exd4 15. cxd4 d5 16. Bc2 c6 17. Bxf4 Nxf4 18. Qd2 dxe4 19. Nxe4 Ng6 
20. Neg5 Bd5 21. Bxg6 hxg6 22. Qf4 Bxf3 23. Nxf3 Bb6 24. Rad1 Bc7 25. Qg4 a4 
26. a3 Ba5 27. Re5 Qd6 28. Ng5 Bd8 29. Ne4 Qc7 30. Qe2 Be7 31. Qc4 Rfd8 
32. Re1 Ra5 33. Nc5 Bf8 34. R5e4 Raa8 35. Qc3 b5 36. Nd3 Rac8 37. h4 Rd5 
38. Nf4 Rf5 39. g3 Qd7 40. Qe3 Bd6 41. Nd3 Rd5 42. Kg2 Kh7 43. Re2 Qb7 
44. Kh2 f6 45. Kg1 Qa8 46. Qf3 Qa7 47. Ne1 Qd7 48. Kg2 Rf8 49. Nc2 Rc8 
50. R4e3 Kg8 51. Re6 Kh7 52. R6e4 Rd8 53. Rd2 Kg8 54. Ree2 Bf8 55. Ne3 Rd6 
56. Rc2 f5 57. Red2 Rf6 58. Kg1 Re8 59. Rc3 Re4 60. d5 c5 61. Ng2 Bd6 
62. Re3 Rxe3 63. Qxe3 Qe7 64. Qxe7 Bxe7 65. Ne1 Bd6 66. Nf3 Rf7 67. Kf1 Rd7 
68. Re2 Re7 69. Rd2 Re8 70. Rc2 Kf8 71. Ng5 Re5 72. Ne6+ Ke8 73. Nxc5 Rxd5 
74. Ne6 Kd7 75. Re2 Kc6 76. Nxg7 b4 77. axb4 Bxb4 78. Ne6 Rd1+ 79. Kg2 Rd2 
80. Kf3 Kd5 81. Nf4+ Kc4 82. Nxg6 Kb3 83. h5 Kxb2 84. Ne5 Rxe2 85. Kxe2 a3 
86. Nc4+ Kc3 87. Nxa3 Bxa3 88. h6 Kc4 89. Kf3 Bb2 90. g4 fxg4+ 91. Kxg4 Kd5 
92. f3 Bd4 93. Kf5 Kd6 1/2-1/2

[Event "Thursday Night Engine Tour 9 Rd Swiss 5m+1s Starts at 2200hrs ST"]
[Site "Infinity Chess"]
[Date "2018.4.12"]
[Round "1"]
[White "TasicV"]
[Black "Vimtiroba"]
[Result "0-1 "]
[ECO "C53"]
[WhiteElo "2445"]
[BlackElo "2511"]
[WhiteEngine "SugaR.XPrO.1.4.64.POCNT_CTG"]
[BlackEngine "SF9 ''A5''_CTG"]
[EventType "Swiss"]
[WhiteTeam ""]
[BlackTeam ""]
[PlyCount "66"]
[TimeControl "300+1"]

1. e4 e5 2. Nf3 Nc6 3. Bc4 Bc5 4. c3 Nf6 5. d3 O-O 6. O-O a5 7. Re1 d6 
8. Nbd2 Be6 9. Bb5 Ne7 10. d4 c6 11. Bd3 Bb6 12. h3 Ng6 13. a4 exd4 14. cxd4 d5 
15. e5 Nh5 16. g3 Bxh3 17. Nf1 f6 18. Nh4 Nxg3 19. Nxg6 hxg6 20. e6 Ne4 
21. Bxe4 dxe4 22. Qb3 Qxd4 23. e7+ Rf7 24. Be3 Qd5 25. Qxd5 cxd5 26. Bxb6 Rxe7 
27. Ra3 Bd7 28. Ne3 Ra6 29. Bd4 Kf7 30. Rc1 Rc6 31. Rd1 Be6 32. Rc3 f5 
33. Be5 Rd7 0-1

[Event "Thursday Night Engine Tour 9 Rd Swiss 5m+1s Starts at 2200hrs ST"]
[Site "Infinity Chess"]
[Date "2018.4.12"]
[Round "1"]
[White "RonWeasley"]
[Black "klasman"]
[Result "1/2-1/2"]
[ECO "E32"]
[WhiteElo "2520"]
[BlackElo "2446"]
[WhiteEngine "BrainFish 090218_CTG"]
[BlackEngine "Raubfisch ME262_GTZ16f_CTG"]
[EventType "Swiss"]
[WhiteTeam ""]
[BlackTeam ""]
[PlyCount "135"]
[TimeControl "300+1"]

1. d4 Nf6 2. c4 e6 3. Nc3 Bb4 4. Qc2 O-O 5. e4 d5 6. e5 Ne4 7. Bd3 c5 
8. Nf3 cxd4 9. Nxd4 Nd7 10. Bf4 Qh4 11. g3 Qh5 12. O-O g5 13. cxd5 Bxc3 
14. bxc3 exd5 15. Bxe4 dxe4 16. e6 gxf4 17. exd7 Bxd7 18. Qxe4 fxg3 19. fxg3 Bh3 
20. Rf3 Rfe8 21. Qxb7 Rab8 22. Qc6 Qg5 23. Rf2 Rbc8 24. Qf3 Re7 25. Nf5 Qxf5 
26. Qxf5 Bxf5 27. Rxf5 Rxc3 28. Rf2 Rec7 29. Re1 Rc2 30. Re3 R7c3 31. Rxc2 Rxe3 
32. a4 Ra3 33. Rc4 Kg7 34. Kg2 Ra2+ 35. Kg1 Kf6 36. Rf4+ Kg6 37. Rg4+ Kf5 
38. Rf4+ Kg6 39. Rg4+ Kf5 40. Rd4 Ra1+ 41. Kf2 Ra2+ 42. Kg1 a6 43. Rd7 Ra1+ 
44. Kf2 Ra2+ 45. Kf3 Ke6 46. Rc7 Rxa4 47. Rc6+ Kd5 48. Rh6 a5 49. Rxh7 Ra3+ 
50. Kg4 Ke6 51. Rh6+ f6 52. Rh8 Ra2 53. h4 a4 54. Re8+ Kf7 55. Ra8 Ra1 
56. h5 Kg7 57. Ra7+ Kh6 58. Kh4 a3 59. Ra6 a2 60. Kg4 Kh7 61. Ra7+ Kh8 
62. Ra8+ Kg7 63. Ra7+ Kh8 64. h6 Kg8 65. Rg7+ Kh8 66. Ra7 Kg8 67. Rg7+ Kh8 
68. Ra7 1/2-1/2

[Event "Thursday Night Engine Tour 9 Rd Swiss 5m+1s Starts at 2200hrs ST"]
[Site "Infinity Chess"]
[Date "2018.4.12"]
[Round "1"]
[White "OlivierEvan"]
[Black "BlitzMaster"]
[Result "1/2-1/2"]
[ECO "E10"]
[WhiteElo "2460"]
[BlackElo "2543"]
[WhiteEngine "Houdini 6"]
[BlackEngine "asmFishW_2018-04-11_popcnt"]
[EventType "Swiss"]
[WhiteTeam ""]
[BlackTeam ""]
[PlyCount "110"]
[TimeControl "300+1"]

1. d4 Nf6 2. c4 e6 3. Nf3 d5 4. Nc3 c6 5. Bg5 h6 6. Bxf6 Qxf6 7. e3 g6 
8. Bd3 Nd7 9. e4 dxe4 10. Nxe4 Qg7 11. O-O Be7 12. Re1 O-O 13. Qd2 Rd8 
14. Nc3 g5 15. h3 h5 16. g4 hxg4 17. hxg4 Nf6 18. Ne5 Nd7 19. Nf3 Nf6 
20. Ne5 Nd7 21. Nxd7 Rxd7 22. d5 Rd8 23. Qe2 Qf6 24. Kg2 cxd5 25. cxd5 Qf4 
26. Rad1 Bf6 27. Bc2 Bd7 28. Qe4 Kf8 29. Qxf4 gxf4 30. Kf3 exd5 31. Nxd5 Bxb2 
32. Kxf4 Bc6 33. Be4 Re8 34. Bf3 Rxe1 35. Rxe1 Rd8 36. Ne3 Be5+ 37. Kxe5 Bxf3 
38. Rc1 Rd2 39. Rc8+ Ke7 40. Rc7+ Ke8 41. Nf5 Bxg4 42. Nd6+ Kd8 43. Rxf7 b6 
44. Rxa7 Rxf2 45. a3 Re2+ 46. Kf4 Bc8 47. Nf7+ Ke8 48. Ne5 Re1 49. Rh7 Be6 
50. Nf3 Rf1 51. Ke5 Bg8 52. Rg7 Rxf3 53. Rxg8+ Kf7 54. Rg5 b5 55. Rf5+ Rxf5+ 
1/2-1/2

[Event "Thursday Night Engine Tour 9 Rd Swiss 5m+1s Starts at 2200hrs ST"]
[Site "Infinity Chess"]
[Date "2018.4.12"]
[Round "1"]
[White "Time_bandit"]
[Black "star99"]
[Result "1/2-1/2 "]
[ECO "B32"]
[WhiteElo "2552"]
[BlackElo "2489"]
[WhiteEngine "asmFishW_2018-02-02_popcnt"]
[BlackEngine "Cryptic Heroes 9.4B"]
[EventType "Swiss"]
[WhiteTeam ""]
[BlackTeam ""]
[PlyCount "216"]
[TimeControl "300+1"]

1. e4 c5 2. Nf3 Nc6 3. d4 cxd4 4. Nxd4 e5 5. Nb5 d6 6. N1c3 a6 7. Na3 Nf6 
8. Bg5 b5 9. Nd5 Be7 10. Bxf6 Bxf6 11. c3 O-O 12. Nc2 Be6 13. a4 bxa4 
14. Rxa4 a5 15. Bc4 Bg5 16. O-O Ne7 17. Nce3 Nc8 18. Ra2 Nb6 19. Nxb6 Bxe3 
20. Bxe6 Bxb6 21. Bd5 Rb8 22. Kh1 Kh8 23. Qe2 g6 24. Raa1 Qg5 25. Rad1 Qh4 
26. Rd3 Bc5 27. Rh3 Qg5 28. Rg3 Qh5 29. Qd2 Qh4 30. Qc2 f5 31. Rh3 Qg5 
32. exf5 Rxf5 33. f3 Rf6 34. b3 Rbf8 35. Qa2 Bb6 36. Qa4 Qd2 37. Qb5 Bc5 
38. Qb7 h6 39. Rh4 Be3 40. b4 Qe2 41. Bc4 Qb2 42. Bb5 axb4 43. cxb4 R8f7 
44. Qa8+ Rf8 45. Qb7 R8f7 46. Qc6 Bf4 47. Bc4 Rf8 48. b5 Qb4 49. Bd5 Rb8 
50. Bc4 Rbf8 51. Rd1 Qa4 52. Qd5 Qc2 53. Rg1 g5 54. Rh3 Rc8 55. b6 Rxc4 
56. Qa8+ Kg7 57. b7 Rb4 58. b8=Q Rxb8 59. Qxb8 Be3 60. Re1 Qd2 61. Rb1 Rf7 
62. Qb5 Rc7 63. Rf1 Qc1 64. Qa6 Rc6 65. Qb7+ Kg6 66. Qb5 d5 67. g4 Qc4 
68. Qb1+ Kg7 69. Rd1 d4 70. Qb8 Rc7 71. Qb6 Qc6 72. Qxc6 Rxc6 73. Kg2 Kg6 
74. Kf1 Rc2 75. Rd3 Kf7 76. Rd1 Ke6 77. Rxh6+ Kd5 78. Ke1 e4 79. fxe4+ Kxe4 
80. h4 gxh4 81. Rxd4+ Bxd4 82. Rxh4 Be3 83. Rh5 Rb2 84. Rf5 Rc2 85. Kd1 Rc1+ 
86. Ke2 Rc2+ 87. Kd1 Rc1+ 88. Ke2 Rg1 89. Rb5 Rxg4 90. Rb4+ Bd4 91. Rb3 Rg8 
92. Kd2 Rh8 93. Kc2 Rh2+ 94. Kc1 Ra2 95. Kb1 Ra1+ 96. Kc2 Ra2+ 97. Kb1 Rh2 
98. Ra3 Rb2+ 99. Kc1 Re2 100. Rb3 Ba1 101. Kb1 Bd4 102. Ra3 Rb2+ 103. Kc1 Re2 
104. Kb1 Kd5 105. Ra5+ Kc4 106. Ra2 Re1+ 107. Kc2 Bc3 108. Ra4+ Bb4 1/2-1/2

[Event "Thursday Night Engine Tour 9 Rd Swiss 5m+1s Starts at 2200hrs ST"]
[Site "Infinity Chess"]
[Date "2018.4.12"]
[Round "1"]
[White "localhero"]
[Black "THE_MACHINE"]
[Result "1/2-1/2"]
[ECO "C65"]
[WhiteElo "2493"]
[BlackElo "2572"]
[WhiteEngine "asmFishW_2017-10-04_popcnt"]
[BlackEngine "BrainFish_180411_x64_bmi2"]
[EventType "Swiss"]
[WhiteTeam ""]
[BlackTeam ""]
[PlyCount "184"]
[TimeControl "300+1"]

1. e4 e5 2. Nf3 Nc6 3. Bb5 Nf6 4. O-O Nxe4 5. d4 Nd6 6. Bxc6 dxc6 7. dxe5 Nf5 
8. Qxd8+ Kxd8 9. Nc3 Bd7 10. Rd1 Kc8 11. Ng5 Be8 12. Rd3 Be7 13. Nge4 b6 
14. b3 a5 15. Bb2 Bd7 16. a4 Be6 17. Ne2 g5 18. Nd6+ Bxd6 19. exd6 Rd8 
20. Bf6 Rxd6 21. Rxd6 cxd6 22. Bxg5 Kd7 23. Bf6 c5 24. Rd1 d5 25. Nf4 d4 
26. Re1 Rc8 27. g4 Ne7 28. f3 Nd5 29. Nxd5 Bxd5 30. Kf2 Re8 31. Rxe8 Kxe8 
32. Ke2 Kd7 33. f4 c4 34. bxc4 Bxc4+ 35. Kd1 d3 36. Bd4 Kc6 37. Kc1 b5 
38. cxd3 Bxd3 39. Kd2 Bc4 40. axb5+ Kxb5 41. Kc3 a4 42. h4 Be2 43. g5 Bf3 
44. Bf6 Bd1 45. Bd4 a3 46. f5 Ka4 47. Be5 Bg4 48. h5 Bxf5 49. g6 hxg6 
50. hxg6 Bxg6 51. Bd4 Be4 52. Bg1 Bh1 53. Bf2 a2 54. Kb2 Bd5 55. Bg1 f6 
56. Bh2 f5 57. Ka1 Kb3 58. Be5 Bc6 59. Bf4 Bh1 60. Bd6 Be4 61. Bh2 Bb1 
62. Bc7 Bc2 63. Bh2 Bb1 64. Bb8 Bc2 65. Bh2 Bd3 66. Bg3 Be2 67. Bf4 Bc4 
68. Bc1 Be6 69. Bd2 Kc4 70. Bc1 Kd3 71. Kb2 Bg8 72. Bf4 Kd4 73. Bc1 Ke5 
74. Bd2 Kd6 75. Bc1 Kc6 76. Bd2 Kd6 77. Bc1 Bb3 78. Bd2 Bd5 79. Bc1 Kd7 
80. Bf4 Ke7 81. Be3 Bg8 82. Bf4 Kf6 83. Bc1 Bb3 84. Bd2 Be6 85. Bc3+ Kg6 
86. Bd2 Bg8 87. Bf4 Bd5 88. Ka1 Bf7 89. Bc1 Bb3 90. Bf4 Kh5 91. Bc1 f4 
92. Bxf4 Be6 1/2-1/2

[Event "Thursday Night Engine Tour 9 Rd Swiss 5m+1s Starts at 2200hrs ST"]
[Site "Infinity Chess"]
[Date "2018.4.12"]
[Round "1"]
[White "Victorious"]
[Black "MGR"]
[Result "1/2-1/2"]
[ECO "C55"]
[WhiteElo "2580"]
[BlackElo "2497"]
[WhiteEngine "Cfish_x64_060418_LTO_popcnt"]
[BlackEngine "asmFishW_2018-04-08_bmi2_CTG"]
[EventType "Swiss"]
[WhiteTeam ""]
[BlackTeam ""]
[PlyCount "226"]
[TimeControl "300+1"]

1. e4 e5 2. Nf3 Nc6 3. Bc4 Nf6 4. d3 Bc5 5. O-O d6 6. c3 O-O 7. Re1 a5 
8. Nbd2 Ba7 9. Nf1 Be6 10. Bb5 Ne7 11. d4 exd4 12. Nxd4 Ng6 13. Ba4 c6 
14. Bc2 Re8 15. Be3 Bg4 16. f3 Bd7 17. Bf2 d5 18. exd5 Rxe1 19. Qxe1 Nxd5 
20. Qd2 Ngf4 21. Ne3 Qg5 22. h4 Qf6 23. Re1 Re8 24. Kf1 Nxe3+ 25. Rxe3 g6 
26. Rxe8+ Bxe8 27. a4 Bd7 28. Bb3 Qd6 29. Bg3 Bb8 30. Qc2 Qe7 31. Qe4 Qxe4 
32. fxe4 Bg4 33. Bc4 Kg7 34. Nb3 b6 35. Nd4 c5 36. Ne2 Bxe2+ 37. Bxe2 Be5 
38. Ba6 Kf6 39. Be1 Ke7 40. Kf2 h5 41. Kf3 Ne6 42. Ke3 f6 43. Bf1 Nd8 
44. Be2 Nf7 45. Kd3 Bf4 46. b4 Ne5+ 47. Kc2 Ng4 48. Kb3 Kd7 49. bxc5 bxc5 
50. Bb5+ Ke7 51. Ba6 Kd7 52. Bb5+ Ke7 53. c4 Bc7 54. Bd2 Ne5 55. Be3 Bd6 
56. Kc2 Ke6 57. Kb3 Ke7 58. Kc3 Ke6 59. Kc2 Be7 60. Kb3 Bd6 61. Kc3 Be7 
62. Bf4 Bd6 63. Be3 Ke7 64. Kc2 Ke6 65. Bd2 Bc7 66. Kb3 Ke7 67. Kc3 Ke6 
68. Ba6 Kd7 69. Be3 Bd6 70. Bd2 Be7 71. Kc2 Bd8 72. Bb5+ Kd6 73. Bf4 Ke7 
74. Ba6 Kd6 75. Bb5 Ke7 76. Be3 Kd6 77. Kd1 Bc7 78. Ke2 Bd8 79. Bd2 Ke7 
80. Be3 Bb6 81. Bf4 Bd8 82. Ke3 Kf7 83. Kd2 Bc7 84. Kc2 Bd6 85. Bd2 Bc7 
86. Kc3 Ke6 87. Bf4 Bd6 88. Ba6 Nc6 89. Be3 Be5+ 90. Kd2 Bd4 91. Bh6 Ne5 
92. Bf4 Bf2 93. Kd1 Bxh4 94. Bd2 Nc6 95. Bb5 Kd6 96. Bc3 Bg5 97. Ke2 Kc7 
98. g3 f5 99. Bxc6 Kxc6 100. exf5 gxf5 101. Bxa5 Bf6 102. Ke3 Bg5+ 103. Ke2 f4 
104. gxf4 Bxf4 105. Be1 Bc7 106. Kf3 Bh2 107. a5 Bc7 108. a6 Bd8 109. Ke4 Bb6 
110. Bf2 Ba7 111. Be1 h4 112. Bxh4 Kb6 113. Be1 Kxa6 1/2-1/2

[Event "Thursday Night Engine Tour 9 Rd Swiss 5m+1s Starts at 2200hrs ST"]
[Site "Infinity Chess"]
[Date "2018.4.12"]
[Round "1"]
[White "ocirema"]
[Black "MCDermont"]
[Result "1/2-1/2"]
[ECO "D31"]
[WhiteElo "2497"]
[BlackElo "2585"]
[WhiteEngine "asmFishW_2018-04-11_popcnt"]
[BlackEngine "BrainFish 090218"]
[EventType "Swiss"]
[WhiteTeam ""]
[BlackTeam ""]
[PlyCount "144"]
[TimeControl "300+1"]

1. d4 d5 2. c4 e6 3. Nc3 c6 4. e3 Nf6 5. Bd3 a6 6. Nf3 dxc4 7. Bxc4 b5 8. Bd3 c5 
9. dxc5 Bxc5 10. Ne4 Nbd7 11. O-O Bb7 12. Nxc5 Nxc5 13. Be2 O-O 14. Qxd8 Raxd8 
15. b3 Nd3 16. Nd4 Nxc1 17. Rfxc1 Rc8 18. a4 bxa4 19. bxa4 Rxc1+ 20. Rxc1 Rc8 
21. Rxc8+ Bxc8 22. Nb3 Nd7 23. Kf1 Kf8 24. Ke1 Ke7 25. Kd2 Kd6 26. Kc2 f5 
27. a5 Nf6 28. f4 Nd5 29. Kd3 Bb7 30. Kd2 Nb4 31. g3 Nc6 32. Bd3 Ne7 33. h3 e5 
34. fxe5+ Kxe5 35. Nd4 g6 36. Kc3 Nd5+ 37. Kc4 Nxe3+ 38. Kc5 g5 39. Nc6+ Kf6 
40. Nb8 f4 41. g4 Nd5 42. Be4 Ke5 43. Bf3 h6 44. Nd7+ Ke6 45. Nb8 Ke5 
46. Nd7+ Ke6 47. Nb8 Ke7 48. Be4 Kd8 49. Nc6+ Bxc6 50. Kxc6 Nc7 51. Kc5 Ke7 
52. Kb6 Kd6 53. Bf3 Ne6 54. Be4 Kd7 55. Bb7 Nc7 56. Bc6+ Kd8 57. Bb7 Kd7 
58. Be4 Kd6 59. Bg2 Ne6 60. Kxa6 Kc7 61. Kb5 f3 62. Bf1 Kd6 63. Kc4 Nc5 
64. Kd4 Nb3+ 65. Ke3 Nxa5 66. Kxf3 Ke5 67. Kg3 Nc6 68. Bg2 Ne7 69. h4 gxh4+ 
70. Kxh4 Ng6+ 71. Kg3 Kf6 72. g5+ Kxg5 1/2-1/2

[Event "Thursday Night Engine Tour 9 Rd Swiss 5m+1s Starts at 2200hrs ST"]
[Site "Infinity Chess"]
[Date "2018.4.12"]
[Round "1"]
[White "xeonrocks"]
[Black "Deep_Impact"]
[Result "1-0"]
[ECO "B12"]
[WhiteElo "2601"]
[BlackElo "2507"]
[WhiteEngine "Stockfish_20180407_x64_bmi2_CTG"]
[BlackEngine "asmFishW_2018-04-07_bmi2"]
[EventType "Swiss"]
[WhiteTeam ""]
[BlackTeam ""]
[PlyCount "143"]
[TimeControl "300+1"]

1. e4 c6 2. d4 d5 3. e5 Bf5 4. Nf3 e6 5. Be2 c5 6. Be3 Qb6 7. Nc3 Nc6 
8. O-O Qxb2 9. Qe1 c4 10. Rb1 Qxc2 11. Rxb7 Bb4 12. Rxb4 Nxb4 13. Bd1 Qd3 
14. Ba4+ Kf8 15. Qa1 Bg4 16. Qb2 Rb8 17. Rb1 Bxf3 18. Bc2 Qxc2 19. Qxc2 Nxc2 
20. Rxb8+ Ke7 21. gxf3 a6 22. Kf1 f6 23. Ke2 fxe5 24. dxe5 Nxe3 25. fxe3 h5 
26. e4 Kf7 27. exd5 exd5 28. Nxd5 Rh6 29. f4 Re6 30. Rb7+ Kf8 31. Kd2 Nh6 
32. Kc3 Rc6 33. a4 Nf5 34. Rc7 Rg6 35. Kxc4 Rg1 36. Ra7 Rc1+ 37. Kb4 Rc6 
38. Rc7 Re6 39. Kc4 g6 40. Nf6 Ne3+ 41. Kd4 Ng2 42. Ke4 a5 43. Rc8+ Ke7 
44. Nd5+ Kd7 45. Rc7+ Kd8 46. Ra7 Rc6 47. Rxa5 Rc4+ 48. Kd3 Rc6 49. Ra8+ Kd7 
50. a5 Ne1+ 51. Ke3 Ng2+ 52. Ke4 Rc4+ 53. Kd3 Rc1 54. Ra6 Rd1+ 55. Ke4 Kc8 
56. e6 g5 57. fxg5 Re1+ 58. Kd3 Rd1+ 59. Kc4 Nh4 60. Rc6+ Kb7 61. e7 Rc1+ 
62. Kb5 Rb1+ 63. Nb4 Rxb4+ 64. Kxb4 Kxc6 65. e8=Q+ Kd5 66. a6 Nf3 67. Qa8+ Ke6 
68. Qxf3 h4 69. a7 h3 70. a8=Q Ke7 71. Qad5 Ke8 72. Qff7# 1-0

[Event "Tuesday 03 April Rapid Engine Tour12+1 Rounds 9 Starts 1600ST"]
[Site "Infinity Chess"]
[Date "2018.4.3"]
[Round "9"]
[White "KULLANI"]
[Black "Vimtiroba"]
[Result "1/2-1/2"]
[ECO "C50"]
[WhiteElo "2407"]
[BlackElo "2407"]
[WhiteEngine "BrainFish_180329_x64"]
[BlackEngine "SF9 ''C1''_CTG"]
[EventType "Swiss"]
[WhiteTeam ""]
[BlackTeam ""]
[PlyCount "116"]
[TimeControl "720+1"]

1. e4 e5 2. Nf3 Nc6 3. Bc4 Bc5 4. O-O d6 5. c3 Nf6 6. d3 a5 7. Re1 Ba7 
8. Nbd2 O-O 9. h3 Be6 10. Bb5 Ne7 11. d4 Ng6 12. Ba4 Nh5 13. Nf1 c6 14. Bc2 Nhf4 
15. Ng3 f6 16. Be3 d5 17. exd5 Bxd5 18. Nf5 exd4 19. cxd4 Re8 20. N3h4 Nxh4 
21. Nxh4 Ne6 22. Qd3 Nf8 23. Nf5 Qd7 24. Bd2 Bb6 25. h4 Kh8 26. h5 h6 
27. Qh3 Bg8 28. Qg4 Bh7 29. Rxe8 Rxe8 30. Be3 Bc7 31. Re1 Ne6 32. Kf1 Ng5 
33. f3 a4 34. Re2 Qf7 35. f4 Ne6 36. Bf2 Bxf4 37. d5 cxd5 38. Bxa4 Rg8 
39. Bb3 Qd7 40. Nd4 f5 41. Qf3 Nxd4 42. Bxd4 Bg5 43. Qxd5 Qxd5 44. Bxd5 Rd8 
45. Bf7 Bg8 46. Bxg8 Kxg8 47. Bc3 Kf7 48. Re5 g6 49. a4 f4 50. hxg6+ Kxg6 
51. Ke2 Kh5 52. a5 Kg4 53. Rc5 Kg3 54. Kf1 Kg4 55. Ke2 Kg3 56. Kf1 Kg4 
57. Be1 Rd3 58. Rc7 Rb3 1/2-1/2

[Event "Tuesday 03 April Rapid Engine Tour12+1 Rounds 9 Starts 1600ST"]
[Site "Infinity Chess"]
[Date "2018.4.3"]
[Round "9"]
[White "KRAKEN"]
[Black "IronMan"]
[Result "1/2-1/2"]
[ECO "A40"]
[WhiteElo "2468"]
[BlackElo "2447"]
[WhiteEngine "Raubfisch X38_CTG"]
[BlackEngine "Eman 1.70-beta13 64-bit BMI2"]
[EventType "Swiss"]
[WhiteTeam ""]
[BlackTeam ""]
[PlyCount "122"]
[TimeControl "720+1"]

1. d4 c6 2. e4 d5 3. Nc3 dxe4 4. Nxe4 Bf5 5. Ng3 Bg6 6. Nf3 e6 7. h4 h6 
8. Ne5 Bh7 9. c3 Nd7 10. Nxd7 Qxd7 11. Qf3 Ne7 12. Be2 Qd5 13. Qf4 Qd8 
14. Bh5 Ng6 15. Qg4 a5 16. a4 Qd5 17. O-O Bd6 18. Bxg6 Bxg6 19. h5 Bd3 
20. Re1 g5 21. Qd1 Bh7 22. b3 Bc7 23. c4 Qd6 24. d5 O-O-O 25. Bb2 Rhg8 
26. dxe6 Qxd1 27. Raxd1 Rxd1 28. Rxd1 fxe6 29. Re1 Bxg3 30. fxg3 Bf5 31. Re5 b6 
32. c5 b5 33. axb5 cxb5 34. b4 Rd8 35. bxa5 Rd2 36. Bc3 Rd3 37. Bb4 Rb3 
38. Be1 Kd7 39. Kf2 Kc6 40. Re3 Rb2+ 41. Re2 Rxe2+ 42. Kxe2 Kxc5 43. Kf3 e5 
44. Bd2 Bd7 45. Be3+ Kc6 46. Ke4 b4 47. Kxe5 Bg4 48. a6 Bd1 49. g4 b3 50. a7 Kb7 
51. Bd4 Bxg4 52. Kf6 Bxh5 53. Kf5 Bf7 54. g4 Be8 55. Kf6 Bd7 56. a8=Q+ Kxa8 
57. Kg6 b2 58. Bxb2 Bxg4 59. Ba1 Bd1 60. Bb2 g4 61. Ba1 Bc2+ 1/2-1/2